 Dungeon Crawl Stone Soup version 0.28.0-47-ge53b351184 (webtiles) character file.

Game seed: 17700255957344071149

8596 101zpm the Thaumaturge (level 11, 0/60 HPs)
             Began as a Djinni Fire Elementalist on May 4, 2022.
             Was a Believer of Hepliaklqana.
             Slain by Snorg (14 damage)
             ... on level 10 of the Dungeon.
             The game lasted 00:44:27 (17136 turns).

101zpm the Thaumaturge (Djinni Fire Elementalist)  Turns: 17136, Time: 00:44:27

Health: 0/60       AC:  3    Str: 12    XL:     11   Next: 58%
Gold:   289        EV: 13    Int: 26    God:    Hepliaklqana [**....] SH:  0 Dex: 15

rFire   + + .      SeeInvis .   A - +6 scythe of the Fifty Bones {vorpal, Drain Str+5}
rCold   x . .      Faith    .   (shield currently unavailable)
rNeg    . . .      Spirit   .   a - +0 robe
rPois   ∞          Reflect  .   J - +1 hat
rElec   .          Harm     .   (no cloak)
rCorr   .          Rampage  .   (no gloves)
Will    ++...                   (boots unavailable)
Stlth   +++.......              (no amulet)
HPRegen 0.20/turn               e - ring of willpower
MPRegen 0.00/turn               q - +6 ring of intelligence

@: flying
A: reduced essence, sickness immunity, fire resistance 2, cold vulnerability 1,
float, innate caster, HP casting, extra vitality 1
a: Renounce Religion, Recall Ancestor, Ancestor Identity


You were on level 10 of the Dungeon.
You worshipped Hepliaklqana.
Hepliaklqana was pleased with you.
You visited 2 branches of the dungeon, and saw 11 of its levels.

You collected 473 gold pieces.
You spent 184 gold pieces at shops.

Inventory:

Hand Weapons
 y - a +2 spear of venom
 A - the +6 scythe of the Fifty Bones (weapon) {vorpal, Drain Str+5}
   (You bought it in a shop on level 7 of the Dungeon)

   It inflicts extra damage upon your enemies.
   Str:       It affects your strength (+5).
   Drain:     It drains your maximum health when unequipped.
Armour
 a - a +0 robe (worn)
 E - an orb of guile
 H - a +0 buckler
 J - a +1 hat (worn)
Jewellery
 e - a ring of willpower (left hand)
 h - a +4 ring of protection
 q - a +6 ring of intelligence (right hand)
 v - a ring of fire
Wands
 t - a wand of iceblast (3)
 w - a wand of flame (31)
 C - a wand of charming (11)
 F - a wand of polymorph (13)
Scrolls
 b - 3 scrolls of immolation {unknown}
 c - 5 scrolls of enchant armour
 g - a scroll of blinking {unknown}
 i - 2 scrolls of amnesia {unknown}
 j - 5 scrolls of identify
 k - 2 scrolls of fog {unknown}
 m - 3 scrolls of enchant weapon {unknown}
 p - a scroll of noise {unknown}
 s - 4 scrolls of teleportation {unknown}
 G - a scroll of fear {unknown}
 I - a scroll of holy word {unknown}
Potions
 d - 4 potions of heal wounds {unknown}
 f - a potion of magic {unknown}
 l - a potion of attraction {unknown}
 n - 3 potions of brilliance {unknown}
 o - a potion of flight {unknown}
 r - 3 potions of haste {unknown}
 u - a potion of degeneration {unknown}
 x - a potion of curing
 z - a potion of lignification {unknown}
 B - a potion of invisibility {unknown}
 D - a potion of resistance {unknown}


   Skills:
 + Level 1.1 Fighting
 + Level 2.7 Dodging
 + Level 4.1 Stealth
 + Level 13.0 Spellcasting


You had 9 spell levels left.
You knew the following spells:

 Your Spells              Type           Power      Damage    Failure   Level
a - Foxfire               Conj/Fire      100%       2x1d9     0%          1
b - Scorch                Fire           100%       2d10      1%          2
c - Conjure Flame         Conj/Fire      71%        6-21      1%          3
d - Inner Flame           Hex/Fire       71%        N/A       1%          3
e - Flame Wave            Conj/Fire      71%        2d13      1%          4
f - Shock                 Conj/Air       100%       1d9       0%          1
g - Blink                 Tloc           100%       N/A       1%          2
h - Ignite Poison         Fire/Tmut/Pois 71%        N/A       1%          3
i - Spider Form           Tmut/Pois      71%        N/A       1%          3
j - Fireball              Conj/Fire      35%        3d15      1%          5
Your spell library was empty.

Dungeon Overview and Level Annotations

Branches:
Dungeon (10/15)            Temple (1/1) D:4
   Lair: D:8-11         Orc: D:9-12

Altars:
Ashenzari
Cheibriados
Dithmenos
Elyvilon
Fedhas
Gozag
Hepliaklqana
Kikubaaqudgha
Makhleb
Nemelex Xobeh
Okawaru
Qazlal
Ru
Sif Muna
Trog
Uskayaw
Vehumet
Wu Jian
Xom
Yredelemnul
Zin
The Shining One

Shops:
D:7 (   D:8 [   D:10 !

Annotations:
D:10 Snorg


Innate Abilities, Weirdness & Mutations

Your life essence is reduced to manifest your ancestor. (-10% HP)
You are immune to sickness and miasma.
You are immune to poison.
Your flesh is very heat resistant. (rF++)
You are vulnerable to cold. (rC-)
You float through the air rather than walking.
You learn spells naturally, not from books.
Your magical power is your life essence.
You have superior vitality. (+4 MHP)


Message History

Matia hits Snorg with a +0 dagger of draining.
Flame seeps out of Snorg. x2; Matia drains Snorg.
Flame seeps out of Snorg.
Casting: Foxfire (safe; 0% risk of failure)
Press: ? - help, Q - select action, (/) - cycle Dir - look around, f - activate You conjure some foxfire!
Snorg is engulfed in blazing flames.
Flame seeps out of Snorg.
Snorg goes berserk!
Matia hits Snorg with a +0 dagger of draining.
Flame seeps out of Snorg. x2; Matia drains Snorg.
Casting: Foxfire (safe; 0% risk of failure)
Press: ? - help, Q - select action, (/) - cycle Dir - look around, f - activate You conjure some foxfire!
The foxfire hits Snorg.
Flame seeps out of Snorg.
Snorg is moderately wounded.
Snorg is engulfed in blazing flames.
Flame seeps out of Snorg.
Snorg barely misses Matia.
Snorg claws Matia!
Snorg claws Matia.
Matia is destroyed!
Snorg is engulfed in blazing flames.
Flame seeps out of Snorg.
Casting: Foxfire (safe; 0% risk of failure)
Confirm with . or Enter, or press ? or * to list all spells.
Flames lash Snorg.
Flame seeps out of Snorg.
Snorg is heavily wounded.
Snorg's fire resistance burns away.
The foxfire hits Snorg.
Snorg is burned terribly!
Flame seeps out of Snorg.
Snorg is heavily wounded.
The foxfire hits Snorg.
Snorg is burned terribly!
Flame seeps out of Snorg.
Snorg is heavily wounded.
The foxfire hits Snorg.
Snorg is burned terribly!
Flame seeps out of Snorg.
Snorg is severely wounded.
Snorg is engulfed in blazing flames.
Flame seeps out of Snorg.
A steam dragon comes into view.
Casting: Scorch (safe; 1% risk of failure)
Confirm with . or Enter, or press ? or * to list all spells.
Flames lash the steam dragon.
The steam dragon is moderately wounded.
The steam dragon's fire resistance burns away.
Snorg bites you! Snorg barely misses you. Snorg claws you!
* * * LOW HITPOINT WARNING * * *
Snorg completely misses you. Snorg claws you!
You die...

#...###.#
#######.####.#########
..............<.<.....
....###.#####.########
#. #.# #.########
#.### #.#....<(.
#.#.###.#.....
...###......§§.○##
#..........8..@TD§#
....###...#.#.§#)§# ##
#..8<∩.8.# §#
#.....#.## # #..#.8#.#
........#..
##..#######. ##. .# ##
#


You could see Snorg (berserk, inner flame, combustible, drained) and a steam
dragon (combustible).

Vanquished Creatures
  2 two-headed ogres (D:9)
  A cyclops (D:9)
  A deep elf pyromancer (D:8)
  Joseph (D:10)
  A hornet (shapeshifter) (D:8)
  A hornet (D:9)
  A wyvern (D:8)
  5 yaks (D:6)
  2 steam dragons
  3 water moccasins
  An orc warrior (D:9)
  A sky beast (D:7)
  A hornet zombie (D:7)
  2 necrophages
  An ice beast (D:6)
  5 centaurs
  2 phantoms
  2 bullfrogs
  3 kobold brigands
  A gnoll sergeant (D:9)
  2 scorpions (D:4)
  A wyvern skeleton (D:3)
  A water moccasin skeleton (D:4)
  4 killer bees (D:9)
  6 wights (D:8)
  A howler monkey (D:4)
  A centaur zombie (D:5)
  A bullfrog zombie (D:5)
  A gnoll shaman (D:8)
  9 orc priests
  2 hounds
  4 jellies
  2 bullfrog skeletons (D:5)
  4 iguanas
  8 orc wizards
  A killer bee zombie (D:8)
  2 hound skeletons (D:4)
  A howler monkey zombie (D:8)
  13 adders
  13 gnolls
  A white imp (D:7)
  A worm (D:2)
  A dart slug (D:4)
  27 orcs
  8 ball pythons
  8 endoplasms
  4 giant cockroaches
  9 goblins
  9 hobgoblins
  5 quokkas
  3 bats
  3 frilled lizards
  28 kobolds
  6 rats
227 creatures vanquished.

Vanquished Creatures (collateral kills)
  Pikel (D:9)
  A raiju (shapeshifter) (D:8)
  A yak (D:6)
  An orc warrior (D:9)
  A sky beast (D:6)
  An orc wizard (D:9)
  2 orcs
  A kobold (D:9)
9 creatures vanquished.

Vanquished Creatures (others)
  2 hexers
  3 ancestors
  1009 foxfires
1014 creatures vanquished.

Grand Total: 1250 creatures vanquished

Notes
Turn   | Place    | Note
-------+----------+-------------------------------------------
     0 | D:1      | 101zpm the Djinni Fire Elementalist began the quest for the
                  | Orb.
     0 | D:1      | Reached XP level 1. HP: 15/15 MP: 0/0
   602 | D:1      | Reached XP level 2. HP: 18/21 MP: 0/0
  1604 | D:2      | Reached skill level 3 in Spellcasting
  1604 | D:2      | Reached XP level 3. HP: 20/25 MP: 0/0
  1604 | D:2      | Learned a level 1 spell: Shock
  2061 | D:2      | Reached XP level 4. HP: 27/31 MP: 0/0
  2882 | D:2      | Reached XP level 5. HP: 21/36 MP: 0/0
  2882 | D:2      | Learned a level 2 spell: Blink
  3749 | D:3      | Found a glowing silver altar of Zin.
  4061 | D:3      | Reached skill level 4 in Spellcasting
  4751 | D:3      | Reached XP level 6. HP: 11/41 MP: 0/0
  5326 | D:4      | Reached skill level 1 in Fighting
  5326 | D:4      | Reached skill level 5 in Spellcasting
  5329 | D:4      | Reached XP level 7. HP: 11/47 MP: 0/0
  5329 | D:4      | Learned a level 3 spell: Ignite Poison
  5675 | D:4      | Noticed a water moccasin
  5679 | D:4      | Killed a water moccasin
  5792 | D:4      | Reached skill level 6 in Spellcasting
  6016 | D:4      | Found a staircase to the Ecumenical Temple.
  6178 | Temple   | Entered the Ecumenical Temple
  6722 | Temple   | Became a worshipper of Hepliaklqana the Forgotten
  7250 | D:4      | Reached XP level 8. HP: 47/52 MP: 0/0
  7672 | D:5      | Entered Level 5 of the Dungeon
  7892 | D:5      | Reached skill level 7 in Spellcasting
  9237 | D:6      | Reached * piety under Hepliaklqana
  9257 | D:6      | Reached skill level 8 in Spellcasting
  9264 | D:6      | Reached XP level 9. HP: 28/51 MP: 0/0
  9264 | D:6      | Learned a level 3 spell: Spider Form
  9784 | D:6      | Reached skill level 9 in Spellcasting
 10785 | D:7      | Reached XP level 10. HP: 49/55 MP: 0/0
 10803 | D:7      | Reached skill level 10 in Spellcasting
 11685 | D:7      | Found Teadghuge's Antique Weapon Boutique.
 11849 | D:7      | Bought a faintly glowing scythe for 184 gold pieces
 11849 | D:7      | Identified the +6 scythe of the Fifty Bones {vorpal, Drain
                  | Str+5} (You bought it in a shop on level 7 of the Dungeon)
 12408 | D:9      | Noticed a cyclops
 12413 | D:9      | Killed a cyclops
 12414 | D:9      | Reached skill level 11 in Spellcasting
 12418 | D:9      | Noticed a two-headed ogre
 12423 | D:9      | Noticed Pikel
 12425 | D:9      | Killed a two-headed ogre
 12427 | D:9      | Noticed a two-headed ogre
 14509 | D:9      | Reached XP level 11. HP: 54/60 MP: 0/0
 14509 | D:9      | Learned a level 5 spell: Fireball
 14541 | D:9      | Reached ** piety under Hepliaklqana
 14542 | D:9      | Remembered your ancestor Matia as a hexer
 14611 | D:9      | Killed Pikel
 14612 | D:9      | Reached skill level 12 in Spellcasting
 14854 | D:9      | Killed a two-headed ogre
 15896 | D:8      | Noticed a deep elf pyromancer
 15898 | D:8      | Killed a deep elf pyromancer
 16264 | D:8      | Found Ifoacs's Armour Boutique.
 17086 | D:10     | Entered Level 10 of the Dungeon
 17111 | D:10     | Found Meaxiq's Distillery.
 17127 | D:10     | Noticed Joseph
 17129 | D:10     | Noticed Snorg
 17131 | D:10     | Killed Joseph
 17132 | D:10     | Reached skill level 13 in Spellcasting
 17136 | D:10     | Slain by Snorg

Illustrated notes

Levels and vault maps discovered:
D:1:      ebering_hopf_link, layout_basic
D:2:      layout_basic
D:3:      layout_loops_ring, mainiacjoe_overflow_tiny_flanked,
          minmay_misc_feat_secret_circle, nrook_mini_vaults,
          chequers_serial_rivers_micro_c
D:4:      minmay_chambers_of_threes, layout_rooms, minmay_temple_entry_ruins,
          chequers_jeans
D:5:      layout_loops_ring
D:6:      layout_basic, portal_sewer_entry_d
D:7:      layout_layer_cave, serial_shops, nicolae_shop_trees
D:8:      nicolae_cairo_tiling, layout_basic, serial_shops, nicolae_shop_stone,
          hangedman_minor_gate_pass
D:9:      layout_basic, uniq_pikel
D:10:     minmay_the_grid_octo_tiled_octocenter [minmay_the_grid_octo_horde,
          minmay_the_grid_octo_fat_diamond, minmay_the_grid_octo_teeth,
          minmay_the_grid_octo_clover,
          minmay_the_grid_octo_prize_ultimate_mussel_roller,
          minmay_the_grid_square_5x5_v, minmay_the_grid_square_5x5_inner_z,
          minmay_the_grid_square_5x5_doubleslash,
          minmay_the_grid_square_5x5_shrine1], layout_loops_ring, orc_0_dummy,
          serial_shops, nicolae_shop_statue_plus, uniq_joseph, uniq_snorg,
          uniq_erolcha
Temple:   regret_index_temple_sigil_plot

Skill      XL: |  1  2  3  4  5  6  7  8  9 10 11 |
---------------+----------------------------------+-----
Spellcasting   | 3 4 5 6 8 9 11 13 | 13.0
Fighting       | 1 |  1.1
Stealth        | 2 3 4 |  4.1
Dodging        | |  2.7

Action                   |  1- 3 |  4- 6 |  7- 9 | 10-12 || total
-------------------------+-------+-------+-------+-------++-------
Melee: Unarmed           |     1 |       |       |       ||     1
 Cast: Foxfire           |    81 |   158 |   183 |   256 ||   678
       Scorch            |     4 |    13 |    20 |    25 ||    62
       Inner Flame       |       |    13 |    57 |    78 ||   148
       Blink             |       |     2 |       |       ||     2
       Shock             |       |       |     2 |       ||     2
       Flame Wave        |       |       |     1 |       ||     1
       Conjure Flame     |       |       |     2 |    13 ||    15
       Fireball          |       |       |       |     2 ||     2
Invok: Ancestor Life: He |       |       |       |     1 ||     1
  Use: Scroll            |       |       |       |     1 ||     1
Armor: Robe              |       |       |     2 |       ||     2
Dodge: Dodged            |     6 |     2 |     7 |     9 ||    24
